 Dungeon Crawl Stone Soup version 0.28.0-43-g3370ac3207 (webtiles) character file.

Game seed: 15816092468329770237

8052 mortz the Destroyer (level 11, 0/75 HPs)
             Began as a Human Conjurer on Mar 28, 2022.
             Was a Follower of Vehumet.
             Slain by a black bear (11 damage)
             ... on level 10 of the Dungeon.
             The game lasted 01:30:31 (14425 turns).

mortz the Destroyer (Human Conjurer)               Turns: 14425, Time: 01:30:32

Health: 0/75       AC:  6    Str:  8    XL:     11   Next: 48%
Magic:  26/32      EV: 12    Int: 23    God:    Vehumet [*.....]
Gold:   137        SH:  3    Dex: 11    Spells: 15/27 levels left

rFire   + . .      SeeInvis .   Q - +4 morningstar of Turmoil {flame, rCorr, mace}
rCold   + + .      Faith    .   f - +0 buckler
rNeg    . . .      Spirit   .   v - +0 leather armour
rPois   .          Reflect  .   j - +0 helmet
rElec   .          Harm     .   u - scarf {rC+ rF+}
rCorr   +          Rampage  .   J - +0 pair of gloves
Will    .....                   (no boots)
Stlth   ++++......              V - amulet of Wataed {RegenMP Stlth+}
HPRegen 0.22/turn               t - ring of protection from cold
MPRegen 0.63/turn               b - ring of magical power

@: very slightly contaminated
A: no striking features
a: Renounce Religion


You were on level 10 of the Dungeon.
You worshipped Vehumet.
Vehumet was aware of your devotion.
You visited 2 branches of the dungeon, and saw 11 of its levels.
You also visited: Sewer and Ossuary.

You collected 614 gold pieces.
You spent 477 gold pieces at shops.


   Skills:
 + Level 3.3 Fighting
 + Level 3.6 Long Blades
 + Level 2.3 Maces & Flails
 + Level 1.9 Polearms
 + Level 4.5 Armour
 + Level 4.5 Dodging
 + Level 5.3 Stealth
 + Level 1.2 Shields
 + Level 8.5 Spellcasting
 + Level 9.4 Conjurations
 + Level 3.9 Translocations
 * Level 2.9 Ice Magic
 * Level 2.6 Air Magic


You had 15 spell levels left.
You knew the following spells:

 Your Spells              Type           Power      Damage    Failure   Level
a - Magic Dart            Conj           100%       1d8       1%          1
b - Searing Ray           Conj           100%       2d8       1%          2
c - Iskenderun's Mystic   Conj/Tloc      40%        2d9       8%          4
d - Freezing Cloud        Conj/Ice/Air   16%        6-21      41%         5

Your spell library contained the following spells:

 Spells                   Type           Power      Damage    Failure   Level
 Sandblast                Erth           18%        2d7       12%         1
 Dazzling Flash           Conj/Hex       62%        N/A       5%          3
 Portal Projectile        Hex/Tloc       36%        N/A       16%         3
 Fulminant Prism          Conj/Hex       15%        3d11      17%         4
 Call Canine Familiar     Summ           9%         N/A       36%         3
 Animate Dead             Necr           4%         N/A       77%         4
 Leda's Liquefaction      Hex/Erth       4%         N/A       77%         4
 Summon Forest            Summ/Tloc      9%         N/A       83%         5
 Blade Hands              Tmut           4%         N/A       98%         5
 Borgnjor's Vile Clutch   Necr/Erth      4%         N/A       98%         5
 Excruciating Wounds      Necr           4%         N/A       98%         5
 Summon Mana Viper        Hex/Summ       9%         N/A       98%         5
 Death Channel            Necr           4%         N/A       100%        6
 Simulacrum               Ice/Necr       8%         N/A       100%        6
 Summon Cactus Giant      Summ           4%         N/A       100%        6
 Polar Vortex             Ice            11%        N/A       100%        9

Inventory:

Hand Weapons
 c - a +1 vampiric trident {polearm}
   (You found it on level 1 of the Dungeon)
 s - a +0 dagger of flaming {short}
   (You took it off an orc on level 6 of the Dungeon)
 F - a +3 short sword of speed {short}
   (You took it off an orc on level 4 of the Dungeon)
 H - a +0 scimitar {long}
   (You took it off an orc warrior on level 5 of the Dungeon)
 K - a +4 falchion {long}
   (You took it off a wight on level 6 of the Dungeon)
 L - a +1 hand axe of distortion {!waxe}
   (You took it off an orc on level 6 of the Dungeon)
 M - a +2 dagger of freezing {short}
   (You took it off a wight on level 6 of the Dungeon)
 N - a +5 flail {mace}
   (You took it off a wight on level 6 of the Dungeon)
 O - a +2 war axe {axe}
   (You took it off a wight on level 6 of the Dungeon)
 Q - the +4 morningstar of Turmoil (weapon) {flame, rCorr, mace}
   (You found it on level 7 of the Dungeon)

   It burns those it strikes, dealing additional fire damage.
   rCorr:     It protects you from acid and corrosion.
 Y - a +4 great sword of freezing {long}
   (You took it off a wight on level 9 of the Dungeon)
Missiles
 d - 199 stones {throwing}
 q - 6 boomerangs {throwing}
 y - 2 poisoned darts {throwing}
Armour
 f - a +0 buckler (worn)
   (You found it on level 5 of the Dungeon)
 j - a +0 helmet (worn)
   (You found it on level 1 of the Dungeon)
 u - a scarf of resistance (worn)
   (You found it on level 3 of the Dungeon)
 v - a +0 leather armour (worn)
   (You found it on level 3 of the Dungeon)
 B - a +0 scale mail
   (You took it off an orc on level 6 of the Dungeon)
 I - a +0 plate armour
   (You took it off an orc warrior on level 5 of the Dungeon)
 J - a +0 pair of gloves (worn)
   (You found it on level 6 of the Dungeon)
 Z - a +1 scale mail of willpower
   (You took it off Harold on level 9 of the Dungeon)
Jewellery
 b - a ring of magical power (right hand)
   (You found it on level 5 of the Dungeon)
 l - a +4 ring of evasion
   (You found it on level 1 of the Dungeon)
 t - a ring of protection from cold (left hand)
   (You found it on level 3 of the Dungeon)
 z - a ring of fire
   (You found it on level 4 of the Dungeon)
 V - the amulet of Wataed (around neck) {RegenMP Stlth+}
   (You bought it in a shop on level 5 of the Dungeon)

   [amulet of magic regeneration]

   It increases your rate of magic regeneration.
   Stlth:     It makes you more stealthy.
Wands
 R - a wand of polymorph (13)
   (You found it on level 7 of the Dungeon)
 W - a wand of iceblast (10)
   (You found it on level 8 of the Dungeon)
 X - a wand of paralysis (6)
   (You found it on level 8 of the Dungeon)
Scrolls
 e - 2 scrolls of summoning {unknown}
 g - 2 scrolls of amnesia {unknown}
 k - 5 scrolls of teleportation {@r4}
 p - a scroll of vulnerability {unknown}
 r - a scroll of magic mapping {unknown}
 w - 2 scrolls of enchant armour {unknown}
 A - 3 scrolls of fog
 D - a scroll of blinking {!r}
 E - 3 scrolls of enchant weapon
 G - 2 scrolls of noise {unknown}
Potions
 a - 4 potions of mutation {!q}
 h - a potion of ambrosia {unknown}
 i - 3 potions of heal wounds {@q2}
 m - 3 potions of brilliance
 n - a potion of cancellation {unknown}
 o - a potion of degeneration {unknown}
 x - 7 potions of curing {@q1}
 P - 2 potions of might {unknown}
 S - 2 potions of flight {unknown}
 T - a potion of invisibility {unknown}
 U - 2 potions of magic {unknown}

Dungeon Overview and Level Annotations

Branches:
Dungeon (10/15)            Temple (1/1) D:7            Lair (0/6) D:10
  Sewer (visited)         Ossuary (visited)
    Orc: D:9-12

Altars:
Ashenzari
Cheibriados
Dithmenos
Elyvilon
Fedhas
Gozag
Hepliaklqana
Kikubaaqudgha
Makhleb
Nemelex Xobeh
Okawaru
Qazlal
Sif Muna
Trog
Uskayaw
Vehumet
Wu Jian
Xom
Yredelemnul
Zin
The Shining One
Lugonu

Shops:
D:5 =

Annotations:
D:10 Erolcha

#. ....... #.# # #.....#
#.# . #. #.....#
#.###### . #..
#.....###......####.
#...#...................
#......##.###.......PP.P
#..................P.PP.
.......@.........PP....P
###.....h.##.###P...P...
####...s##.###.P.P.P.?
#........W............
............###...PP.PP
##...##.......†W..PPP.P
#... #.#######....PPP.
#...#... ...#...P.P #..
#... .....#.P....


You could see a wraith, a black bear (berserk) and a scorpion.


Message History

You feel sick.
A nearby fungus withers and dies.
A wraith comes into view.
The scorpion stings the plant.
The black bear bites the plant.
The black bear claws the plant. x2; The black bear bites the plant!
The black bear claws the plant. x2; The water moccasin misses you. 😮 HP[-2]
You take 2 damage, and now have 40/75 hp.
The searing ray misses the water moccasin.
You finish channelling your searing ray.
You feel sick.
The scorpion stings the plant!
The water moccasin bites you!
* * * LOW HITPOINT WARNING * * *
The black bear bites the plant!
The black bear claws the plant. x2
The black bear bites the plant.
The black bear claws the plant. x2 😨 HP[-9]
You take 9 damage, and now have 31/75 hp.
Casting: Searing Ray (safe; 1% risk of failure)
Confirm with . or Enter, or press ? or * to list all spells.
Aiming: Searing Ray (safe; 1% risk of failure)
Press: ? - help, Shift-Dir - straight line, f - water moccasin
Aim: a water moccasin (almost dead, 72% to hit)
The searing ray hits the water moccasin!
You kill the water moccasin!
Vehumet accepts your kill. (Press . to maintain the ray.)
You feel sick.
A nearby fungus withers and dies.
A nearby plant withers and dies. x2 😨 MP[-2]
You lost 2 mp, and now have 26/32 mp.
Unknown command.
You feel sick. 😨 HP[-1] MP[+1]
You take 1 damage, and now have 30/75 hp.
You feel sick.
The scorpion stings the plant.
The plant begins to die. 😨 HP[-1] MP[+1]
You take 1 damage, and now have 29/75 hp.
Found an escape hatch in the floor.
You feel sick.
The scorpion stings the plant! 😨 HP[-1]
You take 1 damage, and now have 28/75 hp.
You feel sick.
You are no longer poisoned. 😨 MP[+1]
A nearby plant withers and dies. 😨 MP[+1] 😨 MP[+1]
Casting: Searing Ray (safe; 1% risk of failure)
Confirm with . or Enter, or press ? or * to list all spells.
Aiming: Searing Ray (safe; 1% risk of failure)
Press: ? - help, Shift-Dir - straight line, f - black bear
Aim: a black bear (87% to hit)
The searing ray hits the black bear. (Press . to maintain the ray.)
The black bear bites you.
* * * LOW HITPOINT WARNING * * *
The black bear closely misses you.
The black bear misses you. 😨 HP[-6] MP[-2]
You take 6 damage, and now have 22/75 hp.
You lost 2 mp, and now have 29/32 mp.
The searing ray hits the black bear! x2; The black bear bites you.
* * * LOW HITPOINT WARNING * * *
The black bear claws you.
* * * LOW HITPOINT WARNING * * *
The black bear claws you.
* * * LOW HITPOINT WARNING * * *
😱 HP[-6]
You take 6 damage, and now have 16/75 hp.
The searing ray hits the black bear!
The searing ray hits the black bear.
The searing ray hits the scorpion!
The black bear goes berserk!
Casting: Searing Ray (safe; 1% risk of failure)
Confirm with . or Enter, or press ? or * to list all spells.
You erupt in a blast of force!
The mystic blast hits the black bear!
The black bear is knocked back by the mystic blast.
The black bear collides with the scorpion!
You kill the black bear!
Vehumet accepts your kill.
The mystic blast hits the black bear.
The black bear is knocked back by the mystic blast. 😱 MP[-4]
You lost 4 mp, and now have 25/32 mp. 😱 MP[+1] 😱 HP[+1]
The black bear rages.
The black bear closely misses you.
You block the black bear's attack. x2 😱 MP[+1]
The black bear bites you.
* * * LOW HITPOINT WARNING * * *
The black bear claws you.
* * * LOW HITPOINT WARNING * * *
You block the black bear's attack. 😱 HP[-7] MP[+1]
You take 7 damage, and now have 10/75 hp.
There is a stone staircase leading up here. 😱 MP[+1]
Casting: Iskenderun's Mystic Blast (dangerous; 8% risk of failure)
Confirm with . or Enter, or press ? or * to list all spells.
You miscast Iskenderun's Mystic Blast.
You are very lightly contaminated with residual magic.
Nothing appears to happen.
The black bear bites you!
You die...

Skill      XL: |  1  2  3  4  5  6  7  8  9 10 11 |
---------------+----------------------------------+-----
Conjurations   | 5 6 7 8 9 |  9.4
Stealth        | 3 4 5 |  5.3
Spellcasting   | 3 4 6 8 |  8.5
Polearms       | 1 |  1.9
Fighting       | 1 2 3 |  3.3
Armour         | 1 3 4 |  4.5
Dodging        | 3 4 |  4.5
Translocations | 1 3 |  3.9
Long Blades    | 1 3 |  3.6
Maces & Flails | 1 2 |  2.3
Air Magic      | 1 2 |  2.6
Ice Magic      | 2 |  2.9
Shields        | 1 |  1.2

Action                   |  1- 3 |  4- 6 |  7- 9 | 10-12 || total
-------------------------+-------+-------+-------+-------++-------
Melee: Trident           |    10 |    17 |    10 |       ||    37
       Morningstar       |       |       |       |    25 ||    25
 Cast: Magic Dart        |    44 |    76 |    79 |    96 ||   295
       Searing Ray       |     8 |    23 |    63 |    81 ||   175
       Iskenderun's Myst |       |       |       |    10 ||    10
  Use: Potion            |       |     1 |       |       ||     1
       Scroll            |       |       |       |     6 ||     6
 Stab: Distracted        |     1 |       |       |       ||     1
       Sleeping          |       |     3 |     2 |       ||     5
Armor: Robe              |     6 |     3 |       |       ||     9
       Leather armour    |       |     2 |    17 |    20 ||    39
Dodge: Dodged            |    22 |    26 |    86 |    68 ||   202
Block: Buckler           |       |       |     5 |    16 ||    21

Levels and vault maps discovered:
D:1:      ncdulo_wetmaze, layout_loops_cross
D:2:      layout_loops_ring, basic_ecumenical_altar
D:3:      layout_basic, yredelemnul_altar_generic,
          nemelex_xobeh_ov_fountains_minmay, elyvilon_altar_4,
          nicolae_overflow_squiral, minmay_joined_circles, uniq_robin
D:4:      layout_loops_corners, cheibrodos_sewer_entry_drain, uniq_blork_the_orc
D:5:      layout_loops_cross, nicolae_tso_swordbearing_angel, serial_shops,
          nicolae_lakefront_shop
D:6:      layout_rooms, uniq_sigmund
D:7:      layout_rooms, mainiacjoe_overflow_six_doors_small,
          mainiacjoe_overflow_alcove_1,
          mainiacjoe_overflow_concentric_impassable,
          mainiacjoe_overflow_24_doors, minmay_temple_entry_statues_pillars
D:8:      lemuel_ice_spiral_2, layout_rooms, lemuel_crystal_altar,
          nicolae_uskayaw_en_pointe, fedhas_altar_decomposition,
          nicolae_ossuary_entry_catacombs
D:9:      layout_loops_ring, kennysheep_doodads, uniq_harold
D:10:     layout_basic, nicolae_ru_sacrificial_ziggurat,
          due_lair_maze_entry_diamond, zombieorc2_lemuel, kennysheep_cross_room,
          uniq_erolcha
Temple:   corrupted_temple

Notes
Turn   | Place    | Note
-------+----------+-------------------------------------------
     0 | D:1      | mortz the Human Conjurer began the quest for the Orb.
     0 | D:1      | Reached XP level 1. HP: 13/13 MP: 3/3
     0 | D:1      | magus.rc [v1.9.6]
    32 | D:1      | You pick up a book of the Hunter and begin reading...
    32 | D:1      | You add the spells Call Canine Familiar, Portal Projectile
                  | and Leda's Liquefaction to your library.
   223 | D:1      | Reached XP level 2. HP: 19/19 MP: 0/5
   279 | D:1      | Learned a level 2 spell: Searing Ray
   340 | D:1      | You fall into a shaft and drop 1 floor!
   790 | D:1      | Reached XP level 3. HP: 24/24 MP: 3/6
  1647 | D:2      | Found a faded altar of an unknown god.
  1654 | D:2      | Reached XP level 4. HP: 30/30 MP: 1/7
  1939 | D:2      | Reached skill level 5 in Conjurations
  2128 | D:3      | Found a stormy altar of Qazlal.
  2131 | D:3      | Found an opulent altar of Gozag.
  2135 | D:3      | Reached skill level 3 in Stealth
  2247 | D:3      | Reached XP level 5. HP: 35/35 MP: 0/8
  2697 | D:3      | Found a basalt altar of Yredelemnul.
  3180 | D:3      | Noticed Robin
  3188 | D:3      | Killed Robin
  3189 | D:3      | Reached XP level 6. HP: 42/42 MP: 1/9
  3294 | D:3      | Found a white marble altar of Elyvilon.
  3579 | D:3      | Reached skill level 3 in Spellcasting
  3642 | D:3      | Found a sparkling altar of Nemelex Xobeh.
  4059 | D:4      | Noticed Blork the orc
  4173 | D:4      | Reached skill level 1 in Polearms
  4173 | D:4      | Reached skill level 4 in Stealth
  4469 | D:4      | Found a glowing drain.
  4504 | Sewer    | Entered a sewer
  4618 | Sewer    | Reached skill level 1 in Fighting
  4783 | Sewer    | Reached XP level 7. HP: 48/48 MP: 6/11
  5074 | Sewer    | Reached skill level 1 in Armour
  5849 | D:4      | Reached skill level 6 in Conjurations
  5940 | D:4      | Killed Blork the orc
  5941 | D:4      | Reached skill level 3 in Dodging
  6214 | D:5      | Entered Level 5 of the Dungeon
  6408 | D:5      | Reached skill level 4 in Spellcasting
  6408 | D:5      | Reached XP level 8. HP: 54/54 MP: 5/14
  6744 | D:5      | Reached skill level 2 in Armour
  6816 | D:5      | Found a glowing golden altar of the Shining One.
  7063 | D:5      | You pick up a book of the Wilderness and begin reading...
  7063 | D:5      | You add the spells Summon Forest, Summon Mana Viper and
                  | Summon Cactus Giant to your library.
  7069 | D:5      | Learned a level 4 spell: Iskenderun's Mystic Blast
  7247 | D:5      | HP: 5/54 [orc warrior/+0 scimitar (21)]
  7250 | D:5      | Reached skill level 1 in Translocations
  7610 | D:5      | Reached skill level 7 in Conjurations
  7756 | D:5      | Reached skill level 3 in Armour
  7756 | D:5      | Reached skill level 5 in Stealth
  7756 | D:5      | Reached XP level 9. HP: 61/61 MP: 16/16
  7883 | D:5      | Reached skill level 5 in Spellcasting
  7883 | D:5      | Reached skill level 2 in Translocations
  7925 | D:5      | Found Ebysow's Jewellery Shoppe.
  8381 | D:6      | Reached skill level 6 in Spellcasting
  8381 | D:6      | Reached skill level 3 in Translocations
  8650 | D:6      | Noticed Sigmund
  8764 | D:6      | Reached skill level 2 in Fighting
  8846 | D:6      | Killed Sigmund
  8873 | D:6      | You pick up a book of Weapons and begin reading...
  8873 | D:6      | You add the spells Excruciating Wounds and Blade Hands to
                  | your library.
  9121 | D:6      | Reached skill level 1 in Long Blades
  9239 | D:6      | Reached skill level 8 in Conjurations
  9239 | D:6      | Reached XP level 10. HP: 48/66 MP: 19/19
  9462 | D:7      | Found a glowing silver altar of Zin.
  9603 | D:7      | Reached skill level 2 in Long Blades
  9606 | D:7      | Reached skill level 7 in Spellcasting
  9794 | D:7      | Noticed a two-headed ogre
  9797 | D:7      | Identified the +4 morningstar of Turmoil {flame, rCorr}
  9807 | D:7      | HP: 7/67 [two-headed ogre/+0 giant spiked club (14)]
  9808 | D:7      | Killed a two-headed ogre
  9809 | D:7      | Reached skill level 3 in Long Blades
  9809 | D:7      | Reached skill level 4 in Armour
  9809 | D:7      | Reached skill level 4 in Dodging
 10101 | D:7      | magus.rc [v1.9.6]
 10153 | D:7      | Found a shimmering blue altar of Sif Muna.
 10339 | D:7      | Found a staircase to the Ecumenical Temple.
 10346 | Temple   | Entered the Ecumenical Temple
 10361 | Temple   | Became a worshipper of Vehumet
 10479 | D:7      | Found a broken altar of Ashenzari.
 10629 | D:7      | Found an iron altar of Okawaru.
 10696 | D:8      | Reached skill level 1 in Maces & Flails
 10882 | D:8      | Found a sand-covered staircase.
 10920 | Ossuary  | Entered an ossuary
 11432 | D:8      | Reached * piety under Vehumet
 11432 | D:8      | Offered knowledge of Sandblast by Vehumet.
 11635 | D:5      | Bought the amulet of Wataed {RegenMP Stlth+} for 477 gold
                  | pieces
 12014 | D:8      | Reached skill level 9 in Conjurations
 12091 | D:8      | Found a blossoming altar of Fedhas.
 12099 | D:8      | Noticed a +0 falchion
 12099 | D:8      | Noticed a +0 short sword
 12099 | D:8      | Noticed a +0 dagger
 12100 | D:8      | Noticed a +0 falchion
 12101 | D:8      | Noticed a +0 short sword
 12101 | D:8      | Noticed a +0 spear
 12101 | D:8      | Noticed a +0 spear
 12102 | D:8      | Noticed a +0 dagger
 12104 | D:8      | Found a hide-covered altar of Uskayaw.
 12133 | D:8      | Reached skill level 8 in Spellcasting
 12217 | D:8      | Found an ancient bone altar of Kikubaaqudgha.
 12846 | D:9      | You pick up a book of Ice and begin reading...
 12846 | D:9      | You add the spells Freezing Cloud, Simulacrum and Polar
                  | Vortex to your library.
 12853 | D:9      | Learned a level 5 spell: Freezing Cloud
 12882 | D:9      | Reached skill level 1 in Air Magic
 12882 | D:9      | Reached XP level 11. HP: 68/74 MP: 23/23
 12892 | D:9      | Reached skill level 1 in Ice Magic
 12937 | D:9      | Reached skill level 1 in Shields
 13016 | D:9      | Noticed a white ugly thing
 13031 | D:9      | Killed a white ugly thing
 13032 | D:9      | Reached skill level 2 in Air Magic
 13198 | D:9      | Reached skill level 3 in Fighting
 13250 | D:9      | Noticed Harold
 13270 | D:9      | Killed Harold
 13271 | D:9      | Reached skill level 2 in Maces & Flails
 13271 | D:9      | Reached skill level 2 in Ice Magic
 14301 | D:10     | Entered Level 10 of the Dungeon
 14320 | D:10     | Noticed Erolcha
 14363 | D:10     | You pick up a book of Unlife and begin reading...
 14363 | D:10     | You add the spells Animate Dead, Borgnjor's Vile Clutch and
                  | Death Channel to your library.
 14395 | D:10     | Found a staircase to the Lair.
 14416 | D:10     | HP: 17/75 [black bear (3)]
 14422 | D:10     | HP: 12/75 [black bear (5)]
 14425 | D:10     | Slain by a black bear

Vanquished Creatures
  Harold (D:9)
  A two-headed ogre (D:7)
  An ugly thing (D:9)
  2 trolls
  Sigmund (D:6)
  A wyvern (D:8)
  4 steam dragons
  3 water moccasins
  3 orc warriors
  2 ice beasts (D:5)
  3 black bears
  2 necrophages
  4 ogres
  2 centaurs
  An elf zombie (D:8)
  Blork the orc (D:4)
  9 bullfrogs
  2 wyvern zombies
  4 scorpions
  2 elf skeletons (D:8)
  A water moccasin zombie (D:7)
  A wyvern skeleton (D:7)
  10 wights
  6 howler monkeys
  A lava snake (D:9)
  5 jellies
  6 hounds
  3 centaur skeletons
  7 orc priests
  2 human skeletons (D:8)
  3 iguanas
  9 orc wizards
  A killer bee zombie (D:8)
  8 mummies (Ossuary)
  Robin (D:3)
  A howler monkey zombie (D:7)
  7 gnolls
  2 howler monkey skeletons
  18 adders
  An adder skeleton (D:5)
  A worm (D:2)
  A dart slug (D:5)
  30 orcs
  9 ball pythons
  5 bats
  4 endoplasms
  16 giant cockroaches
  A gnoll zombie (Ossuary)
  16 goblins
  7 hobgoblins
  9 jackals
  6 quokkas
  11 frilled lizards
  3 hobgoblin zombies (Ossuary)
  4 kobolds
  2 kobold zombies (Ossuary)
  An orc skeleton (D:8)
  2 orc zombies (Ossuary)
  9 rats
279 creatures vanquished.

Vanquished Creatures (others)
  A jackal (D:3)
  A ball python (D:3)
  3 bushes (D:8)
  24 fungi (D:10)
  33 plants
  2 withered plants (D:3)
64 creatures vanquished.

Grand Total: 343 creatures vanquished

Table legend:
 A = Non-vault XP
 B = Vault XP
 C = Vault XP percentage of total XP
 D = Non-vault monster count
 E = Vault monster count
 F = Vault count percentage of total count
                 A         B        C        D         E       F
            +---------+---------+-------+---------+---------+-------
      Total |    8851 |    2652 |  23.1 |     197 |      82 |  29.4
            +---------+---------+-------+---------+---------+-------
        D:1 |      31 |       0 |   0.0 |      20 |       0 |   0.0
        D:2 |      64 |       0 |   0.0 |      17 |       0 |   0.0
        D:3 |     188 |      81 |  30.1 |      20 |      19 |  48.7
        D:4 |     258 |      96 |  27.1 |      26 |       4 |  13.3
        D:5 |    1215 |       0 |   0.0 |      21 |       0 |   0.0
        D:6 |    1589 |     212 |  11.8 |      38 |       1 |   2.6
        D:7 |    1936 |       0 |   0.0 |      22 |       0 |   0.0
        D:8 |    1095 |     367 |  25.1 |      12 |       7 |  36.8
        D:9 |    2174 |     884 |  28.9 |      20 |       1 |   4.8
       D:10 |     301 |     581 |  65.9 |       1 |       5 |  83.3
      Sewer |       0 |     280 | 100.0 |       0 |      29 | 100.0
    Ossuary |       0 |     151 | 100.0 |       0 |      16 | 100.0
            +---------+---------+-------+---------+---------+-------

Illustrated notes

Table legend:
 A = Kills in this place as a percentage of kills in entire the game.
 B = Kills by you in this place as a percentage of kills by you in the entire game.
 C = Kills by friends in this place as a percentage of kills by friends in the entire game.
 D = Other kills in this place as a percentage of other kills in the entire game.
 E = Experience gained in this place as a percentage of experience gained in the entire game.
 F = Experience gained in this place divided by the number of levels of this place that you have seen.
                   A       B       C       D       E      F
               +-------+-------+-------+-------+-------+----------------------
         Total | 100.0 | 100.0 |   N/A |   N/A | 100.0 | 884.8
       Dungeon |  83.9 |  83.9 |   N/A |   N/A |  96.3 | 1107.2
         Sewer |  10.4 |  10.4 |   N/A |   N/A |   2.4 | 280.0
       Ossuary |   5.7 |   5.7 |   N/A |   N/A |   1.3 | 151.0
               +-------+-------+-------+-------+-------+----------------------

Table legend: (Time is in decaauts)
 A = Elapsed time spent in this place.
 B = Non-inter-level travel time spent in this place.
 C = Inter-level travel time spent in this place.
 D = Time resting spent in this place.
 E = Time spent auto-exploring this place.
 F = Levels seen in this place.
 G = Mean time per level.
                   A        B        C        D        E       F      G
               +--------+--------+--------+--------+--------+-----+--------+
         Total |  14555 |  13901 |    654 |   3871 |   7535 |  13 | 1119.6 |
       Dungeon |  12956 |  12321 |    635 |   3279 |   6924 |  10 | 1295.6 |
        Temple |     47 |     28 |     19 |      0 |     21 |   1 |   47.0 |
         Sewer |   1073 |   1073 |      0 |    375 |    532 |   1 | 1073.0 |
       Ossuary |    477 |    477 |      0 |    217 |     58 |   1 |  477.0 |
               +--------+--------+--------+--------+--------+-----+--------+

Top non-repeatable levels by time:
     D:5: 1863 daAuts
     D:3: 1824 daAuts
     D:9: 1489 daAuts
     D:8: 1488 daAuts
     D:4: 1384 daAuts
     D:7: 1358 daAuts
     D:6: 1335 daAuts
     D:1: 1108 daAuts
   Sewer: 1073 daAuts
     D:2: 1008 daAuts
 Ossuary: 477 daAuts
    D:10: 95 daAuts
  Temple: 47 daAuts
